 Dungeon Crawl Stone Soup version 0.31.0-11-ge490571c62 (webtiles) character file.

Game seed: 15409676429710965093

588 browni3141 the Conjurer (level 7, -1/53 HPs)
             Began as a Demonspawn Reaver on Jan 29, 2024.
             Slain by an orc wizard
             ... wielding a +0 dagger
              (3 damage)
             ... on level 5 of the Dungeon.
             The game lasted 00:06:08 (4259 turns).

browni3141 the Conjurer (Demonspawn Reaver)         Turns: 4259, Time: 00:06:09

Health: -1/53      AC:  6    Str: 13    XL:     7   Next: 15%
Magic:  12/12      EV: 12    Int: 15    God:
Gold:   159        SH:  0    Dex: 11    Spells: 11/13 levels left

rFire   . . .        a - +0 short sword
rCold   . . .        (no shield)
rNeg    + . .        w - +2 robe {rN+}
rPois   .            (helmet restricted)
rElec   .            z - +0 cloak
rCorr   .            (no gloves)
SInv    .            y - +0 pair of boots
Will    .....        (no amulet)
Stlth   +            (no ring)
HPRegen 0.28/turn    (no ring)
MPRegen 0.26/turn

%: no passive effects
@: confused
A: hooves 1, horns 1, magic regeneration, demonic touch 1
a: no special abilities


You were on level 5 of the Dungeon.
You visited 1 branch of the dungeon, and saw 5 of its levels.

You collected 159 gold pieces.

Inventory:

Hand Weapons
 a - a +0 short sword (weapon)
Missiles
 A - 3 boomerangs
 B - 2 javelins
Armour
 b - a +0 leather armour
 w - a +2 robe of positive energy (worn)
 x - a +0 helmet
 y - a +0 pair of boots (worn)
 z - a +0 cloak (worn)
Jewellery
 i - a ring of ice
 k - a ring of willpower
 s - a +4 ring of protection
Wands
 p - a wand of flame (52)
Scrolls
 e - a scroll of enchant weapon {unknown}
 f - 2 scrolls of amnesia {unknown}
 l - 2 scrolls of immolation {unknown}
 m - 2 scrolls of identify {unknown}
 n - 2 scrolls of noise {unknown}
 o - a scroll of vulnerability {unknown}
 q - a scroll of fear {unknown}
 r - a scroll of poison {unknown}
 t - a scroll of blinking {unknown}
 u - 2 scrolls of teleportation {unknown}
 v - a scroll of enchant armour {unknown}
Potions
 d - 3 potions of lignification {unknown}
 g - a potion of resistance {unknown}
 h - a potion of heal wounds {unknown}
 j - 2 potions of might {unknown}


   Skills:
 + Level 3.8 Fighting
 + Level 4.1 Short Blades
 + Level 3.5 Dodging
 + Level 3.6 Spellcasting
 + Level 4.5 Conjurations


You had 11 spell levels left.
You knew the following spells:

 Your Spells              Type           Power      Damage    Failure   Level
a - Kiss of Death         Conj/Necr      36%        2d8       8%          1
b - Sting                 Conj/Alch      36%        1d5       8%          1

Your spell library contained the following spells:

 Spells                   Type           Power      Damage    Failure   Level
 Momentum Strike          Conj/Tloc      18%        3d8       11%         2
 Hailstorm                Conj/Ice       9%         3d6       22%         3
 Mercury Vapours          Alch/Air       4%         N/A       28%         2
 Confusing Touch          Hex            2%         N/A       50%         3
 Dispel Undead            Necr           2%         3d7       88%         4
 Olgreb's Toxic Radiance  Alch           2%         N/A       88%         4


Dungeon Overview and Level Annotations

Branches:
Dungeon (5/15)
 Temple: D:4-7

Altars:

Shops:
D:4 [


Innate Abilities, Weirdness & Mutations

You have large cloven feet.
You have a pair of small horns on your head.
You regenerate magic rapidly.
Your touch may inflict minor irresistible damage on your foes.


Message History

You see here a +0 ring mail.
An adder comes into view.
You hear the slow rusting of a very distant drain.
The adder hisses angrily.
The adder moves out of view.
An adder is nearby!
An adder is nearby!
The adder bites you.
You hit the adder but do no damage. Your touch misses the adder.
The adder closely misses you.
You barely miss the adder. Your touch misses the adder. The adder bites you.
The adder barely misses you.
You barely miss the adder. The adder bites you but does no damage.
You closely miss the adder. Your headbutt misses the adder.
You touch the adder!
The adder is severely wounded.
The adder bites you but does no damage.
You hit the adder. Your touch misses the adder.
The adder is almost dead.
The adder bites you but does no damage.
You closely miss the adder. Your headbutt misses the adder.
You punch the adder.
You kill the adder!
No target in view!
No target in view!
You see here an adder corpse.
d - 3 silvery potions (gained 1)
You hear the rusting of a drain very nearby.
An orc comes into view. It is wielding a +0 whip.
The orc shouts!
You hear a shout!
The orc throws a boomerang.
The boomerang misses you.
An orc comes into view. It is wielding a +0 flail.
The orc shouts!
There are monsters nearby!
There are monsters nearby!
There are monsters nearby!
An orc wizard comes into view. It is wielding a +0 dagger.
The orc barely misses you. x2
You hit the orc wizard but do no damage.
You touch the orc wizard!
The orc wizard is severely wounded.
The orc hits you with a +0 flail! The orc hits you with a +0 whip.
The orc wizard casts a spell at you. You resist with some effort.
You hit the orc.
The orc is lightly wounded.
The orc barely misses you. The orc hits you with a +0 whip.
The orc wizard hits you but does no damage.
You hit the orc wizard.
The orc wizard is almost dead.
The orc barely misses you. The orc hits you with a +0 flail.
The orc wizard hits you with a +0 dagger.
You hit the orc.
You touch the orc.
You kill the orc!
The orc wizard points at you and mumbles some strange words.
The puff of flame hits you. The orc misses you.
You barely miss the orc wizard.
The orc wizard is almost dead.
You hit the orc wizard but do no damage.
The orc wizard is almost dead.
The orc hits you but does no damage. The orc wizard closely misses you.
You closely miss the orc wizard.
The orc wizard is almost dead.
The orc hits you but does no damage.
The orc wizard gestures wildly while chanting.
The orc wizard flickers and vanishes!
Deactivating autopickup; reactivate with Ctrl-A.
You closely miss the orc. The orc closely misses you.
You hear some strange, mumbled words.
A puff of flame appears from out of thin air!
The puff of flame hits you.
You hit the orc but do no damage.
You hear some strange, mumbled words.
A magic dart appears from out of thin air!
The magic dart hits you! The orc hits you but does no damage.
You hit the orc. Your touch misses the orc.
The orc is lightly wounded.
You barely miss the orc.
The orc is lightly wounded.
The orc hits you with a +0 whip. Something completely misses you.
You hit the orc but do no damage. Your headbutt misses the orc.
The orc is lightly wounded.
The orc hits you with a +0 whip.
You hear some strange, mumbled words.
Something tries to affect you, but you resist.
You barely miss the orc. Your headbutt misses the orc.
The orc is lightly wounded.
You hear some strange, mumbled words.
You are confused.
The orc misses you.
You hit the orc but do no damage.
You touch the orc.
You kill the orc!
Something hits you.
Things that are here:
a +0 flail; a +0 leather armour You hear some strange, mumbled words.
A puff of flame appears from out of thin air!
The puff of flame hits you! Something hits you.
You die...

## ## ..
###+##.####.###
....../.......
.......#..#.####
......#........
#......{..######
.###.##.#@.........
......"....).#####
###.##.#.#).#
#.##.#.#.....
#....#.#..#### ....
#.##.#.#..# .....
##.##.#.#..#
......+..........#
#....##.##.#.#..#


There were no monsters in sight!

Vanquished Creatures
  Sigmund (D:2)
  A black bear (D:4)
  2 hounds
  An orc priest (D:5)
  A gnoll bouda (D:2)
  An iguana (D:4)
  Robin (D:3)
  6 adders
  5 gnolls
  2 dart slugs
  2 ribbon worms (D:2)
  9 orcs
  3 ball pythons
  4 endoplasms
  5 hobgoblins
  8 kobolds
  A quokka (D:4)
  6 bats (D:2)
  3 frilled lizards
  12 goblins
  3 rats
77 creatures vanquished.

Notes
Turn   | Place    | Note
-------+----------+-------------------------------------------
     0 | D:1      | browni3141 the Demonspawn Reaver began the quest for the
                  | Orb.
     0 | D:1      | Reached XP level 1. HP: 16/16 MP: 3/3
   922 | D:2      | Gained mutation: You regenerate magic rapidly. [demonic
                  | ancestry]
   922 | D:2      | Reached XP level 2. HP: 22/22 MP: 5/5
  1102 | D:2      | Discovered your monstrous ancestry.
  1102 | D:2      | Gained mutation: You have large cloven feet. [demonic
                  | ancestry]
  1102 | D:2      | Reached XP level 3. HP: 21/25 MP: 6/6
  1474 | D:2      | Noticed Sigmund
  1876 | D:3      | Learned a level 1 spell: Sting
  2147 | D:4      | Reached XP level 4. HP: 22/24 MP: 3/7
  2437 | D:4      | Noticed a black bear
  2454 | D:4      | Killed a black bear
  2455 | D:4      | Gained mutation: Your touch may inflict minor irresistible
                  | damage on your foes. [demonic ancestry]
  2455 | D:4      | Reached XP level 5. HP: 9/35 MP: 4/9
  2733 | D:4      | Found Vofel's Antique Armour Shop.
  3128 | D:2      | Killed Sigmund
  3129 | D:2      | Reached XP level 6. HP: 33/47 MP: 9/11
  3708 | D:3      | Noticed Robin
  3716 | D:3      | Killed Robin
  3928 | D:5      | Entered Level 5 of the Dungeon
  3976 | D:5      | Gained mutation: You have a pair of small horns on your
                  | head. [demonic ancestry]
  3976 | D:5      | Reached XP level 7. HP: 51/53 MP: 7/12
  4257 | D:5      | HP: 1/53 [something/puff of flame (9)]
  4259 | D:5      | Slain by an orc wizard

Illustrated notes

Levels and vault maps discovered:
D:1:      giann_bridges, layout_basic, grunt_decor_clamped,
          minmay_misc_feat_tiny, minmay_curled_crystal
D:2:      layout_basic, serial_curves, eino_curves_02, eino_curves_04,
          uniq_sigmund
D:3:      layout_basic, minmay_cupped, uniq_robin
D:4:      layout_loops_ring, serial_shops, nicolae_shop_advertising_works
          [nicolae_subvault_shop_adworks]
D:5:      gammafunk_wand_slinger, layout_basic, general_overflow_altar,
          portal_sewer_entry_f

Skill      XL: |  1  2  3  4  5  6 |
---------------+-------------------+-----
Dodging        | 2 3 |  3.5
Short Blades   | 3 4 |  4.1
Fighting       | 3 |  3.8
Spellcasting   | 3 |  3.6
Conjurations   | 4 |  4.5

Action                     |  1- 3 |  4- 6 |  7- 9 || total
---------------------------+-------+-------+-------++-------
  Melee: Short sword       |   102 |    58 |    30 ||   190
         Kick              |     8 |    13 |       ||    21
         Punch             |       |     1 |     1 ||     2
         Touch             |       |     7 |     8 ||    15
         Headbutt          |       |       |     4 ||     4
   Cast: Kiss of Death     |     5 |     3 |       ||     8
         Sting             |    13 |    53 |     2 ||    68
  Evoke: Wand              |       |    11 |       ||    11
    Use: Potion            |     1 |       |       ||     1
   Stab: Sleeping          |       |     1 |       ||     1
 Armour: Leather armour    |    66 |    32 |       ||    98
         Robe              |       |    35 |    25 ||    60
  Dodge: Dodged            |    66 |    49 |    17 ||   132
